 Dungeon Crawl Stone Soup version 0.31-a0-231-g51bb95cda3 (webtiles) character file.

Game seed: 459717008020340485

5792 qw the Skirmisher (level 10, -9/88 HPs)
             Began as a Minotaur Hexslinger on July 6, 2023.
             Was a Believer of Okawaru.
             Mangled by Erolcha
             ... wielding a +0 giant club
              (30 damage)
             ... on level 9 of the Dungeon.
             The game lasted 00:03:21 (6996 turns).

qw the Skirmisher (Minotaur Hexslinger)             Turns: 6996, Time: 00:03:22

Health: -9/88      AC: 16    Str: 12    XL:     10   Next: 50%
Magic:  10/12      EV: 21    Int: 22    God:    Okawaru [**....]
Gold:   427        SH:  0    Dex: 22    Spells: 10/11 levels left

rFire   . . .        Y - +6 sling
rCold   . . .        (no shield)
rNeg    + . .        u - +0 steam dragon scales
rPois   +            (helmet restricted)
rElec   +            r - +1 cloak "Obrom" {rElec Int+4}
rCorr   .            l - +2 pair of gloves {hurl}
SInv    .            g - +0 pair of boots
Will    .....        m - amulet of faith
Stlth   +++          q - +6 ring of dexterity
HPRegen 0.34/turn    c - ring "Cedel" {+Blink rPois rN+ Int+4}
MPRegen 0.13/turn

%: faith
@: lethally poisoned (-9 -> -9), heroic
A: horns 2, retaliatory headbutt, iridescent scales 1, clever 1
a: Renounce Religion, Evoke Blink, Heroism


You were on level 9 of the Dungeon.
You worshipped Okawaru.
Okawaru was pleased with you.
You visited 2 branches of the dungeon, and saw 10 of its levels.
You also visited: Ossuary.

You collected 472 gold pieces.
You spent 45 gold pieces at shops.


Innate Abilities, Weirdness & Mutations

You have a pair of horns on your head.
You reflexively headbutt those who attack you in melee.
You are partially covered in iridescent scales. (AC +2)
Your mind is acute. (Int +4, Str/Dex -1)


   Skills:
 - Level 8.1(13.1) Fighting
 + Level 12.8(17.8) Ranged Weapons
 - Level 4.5(9.5) Armour
 - Level 7.0(12.0) Dodging
 - Level 1.0 Spellcasting
 - Level 2.0 Hexes
 - Level 4.0 Invocations


You had 10 spell levels left.
You knew the following spells:

 Your Spells              Type           Power      Damage    Failure   Level
a - Slow                  Hex            36%        N/A       7%          1

Your spell library contained the following spells:

 Spells                   Type           Power      Damage    Failure   Level
 Inner Flame              Hex/Fire       5%         N/A       30%         3
 Portal Projectile        Hex/Tloc       10%        N/A       30%         3
 Cause Fear               Hex            4%         N/A       54%         4

Inventory:

Hand Weapons
 Y - a +6 sling (weapon)
Armour
 g - a +0 pair of boots (worn)
 l - a +2 pair of gloves of hurling (worn)
 r - the +1 cloak "Obrom" (worn) {rElec Int+4}
   (You found it on level 4 of the Dungeon)

   Int:       It affects your intelligence (+4).
   rElec:     It insulates you from electricity.
 u - +0 steam dragon scales (worn)
Jewellery
 c - the ring "Cedel" (right hand) {+Blink rPois rN+ Int+4}
   (You found it on level 3 of the Dungeon)

   [ring of poison resistance]

   Int:       It affects your intelligence (+4).
   rPois:     It protects you from poison.
   rN:        It protects you from negative energy.
   +Blink:    It lets you blink.
 m - an amulet of faith (around neck)
 o - a ring of ice
 p - a ring of resist corrosion
 q - a +6 ring of dexterity (left hand)
Scrolls
 a - a scroll of identify
Potions
 b - 4 potions of might
 e - a potion of enlightenment
 h - 4 potions of haste
 k - 3 potions of curing
 s - 2 potions of mutation

Dungeon Overview and Level Annotations

Branches:
Dungeon (9/15)             Temple (1/1) D:7         Ossuary (visited)
   Lair: D:8-11         Orc: D:9-12

Altars:
Cheibriados
Dithmenos
Elyvilon
Fedhas
Hepliaklqana
Kikubaaqudgha
Makhleb
Nemelex Xobeh
Okawaru
Qazlal
Ru
Sif Muna
Trog
Uskayaw
Vehumet
Wu Jian
Xom
Yredelemnul
Zin
The Shining One
Lugonu

Shops:
D:3 [

Annotations:
D:3 1 runed translucent door, Crazy Yiuf
D:9 Erolcha


Message History

Okawaru accepts your kill.
You feel sick. The killer bee closely misses you.
You hear some strange, mumbled words.
You shoot a sling bullet.
The sling bullet closely misses the killer bee.
You feel sick. The killer bee completely misses you.
The orc warrior barely misses you.
The orc priest calls down the wrath of Beogh upon you.
Beogh smites you!
You shoot a sling bullet. The sling bullet hits the killer bee.
The killer bee is almost dead.
You feel sick. The killer bee completely misses you. You furiously retaliate!
You headbutt the killer bee.
The killer bee stings you but does no damage.
The orc warrior completely misses you.
The orc priest hits you but does no damage.
You shoot a sling bullet. The sling bullet hits the killer bee!
You kill the killer bee!
Okawaru accepts your kill.
You feel sick.
You shoot a sling bullet. The sling bullet hits the orc priest.
The orc priest is moderately wounded.
You feel sick. The orc warrior completely misses you.
The orc priest casts a cantrip, but nothing happens.
Something hits you.
Deactivating autopickup; reactivate with Ctrl-A.
6995 ||| DRINKING potion of heal wounds.
You feel much better.
You feel like a meek peon again.
You feel sick.
The orc warrior hits you but does no damage.
The orc priest misses you.
6996 ||| INVOKING Heroism.
You gain the combat prowess of a mighty hero.
Okawaru will no longer gift you throwing weapons.
You feel sick.
The orc warrior hits you from afar with a +0 trident!
The orc priest mumbles some strange prayers to Beogh against you.
Beogh smites you! Something hits you!!
You die...

# .. .# ..#
..# #.####..#
#o#.....##.
####o#))..O.%.
#....%%#
#....%@#
#....o{#
#...<..#
#.....##
#.....#
#.....#
#.....#
#######


You could see an orc warrior, an orc priest and an orc wizard.

Vanquished Creatures
  A cyclops (D:8)
  Joseph (D:8)
  Grinder (D:4)
  Prince Ribbit (D:5)
  5 yaks (D:8)
  3 steam dragons
  Edmund (D:5)
  An acid dragon (D:8)
  A water moccasin (D:7)
  A sky beast (D:7)
  4 black bears
  An ogre (D:5)
  An ice beast (D:7)
  3 bullfrogs (D:7)
  A kobold brigand (D:7)
  A phantom (D:6)
  A gnoll sergeant (D:7)
  2 scorpions
  3 wights (D:8)
  28 killer bees
  6 iguanas
  2 orc priests (D:7)
  A gnoll bouda (D:4)
  A hound (D:5)
  Ijyb (D:3)
  2 orc wizards
  Robin (D:3)
  9 adders
  14 gnolls
  2 shadow imps
  3 white imps
  4 worms
  2 dart slugs
  9 orcs
  8 ball pythons
  5 endoplasms
  4 giant cockroaches
  18 goblins
  7 hobgoblins
  7 kobolds
  7 quokkas
  5 bats
  5 frilled lizards
  A goblin zombie (D:4)
  6 hobgoblin zombies (Ossuary)
  4 kobold zombies (Ossuary)
  10 orc zombies (Ossuary)
  7 rats
212 creatures vanquished.

Notes
Turn   | Place    | Note
-------+----------+-------------------------------------------
     0 | D:1      | qw the Minotaur Hexslinger began the quest for the Orb.
     0 | D:1      | Reached XP level 1. HP: 16/16 MP: 1/1
     0 | D:1      | 0 ||| qw: Version: 0.3-a-46-gb1f654a
     0 | D:1      | 0 ||| qw: Game counter: 1909
     0 | D:1      | 0 ||| qw: Melee chars always use a shield: true
     0 | D:1      | 0 ||| qw: God list: Okawaru
     0 | D:1      | 0 ||| qw: Allow faded altars: false
     0 | D:1      | 0 ||| qw: Do Orc after clearing Dungeon:15 true
     0 | D:1      | 0 ||| qw: Do second Lair branch before Depths: true
     0 | D:1      | 0 ||| qw: Lair rune preference: random
     0 | D:1      | 0 ||| qw: Goals: Normal
     0 | D:1      | 0 ||| PLANNING D:1-11
   137 | D:1      | Reached skill level 3 in Ranged Weapons
   137 | D:1      | Reached XP level 2. HP: 23/23 MP: 2/2
   174 | D:1      | 174 ||| Stepping ~*~*~tactically~*~*~ (water).
   692 | D:1      | 692 ||| UPGRADING to +0 leather armour.
   702 | D:1      | 702 ||| DROPPING +0 robe.
   703 | D:1      | 703 ||| UPGRADING to +2 pair of gloves of hurling.
   708 | D:1      | 708 ||| READING scroll labelled NAHIOKU XADUZAK.
   709 | D:1      | 709 ||| READING scroll labelled ERESEI UNLONU.
   710 | D:1      | 710 ||| READING 3 scrolls labelled KOHOPI SAVENK.
   711 | D:1      | 711 ||| READING 2 scrolls of enchant weapon.
   711 | D:1      | 711 ||| ENCHANTING +2 sling.
   712 | D:1      | 712 ||| READING scroll of enchant weapon.
   712 | D:1      | 712 ||| ENCHANTING +3 sling.
   713 | D:1      | 713 ||| READING 2 scrolls labelled YKYICAO XAJEL.
   714 | D:1      | 714 ||| DRINKING 2 fizzy red potions.
   715 | D:1      | 715 ||| DROPPING scroll of poison.
   716 | D:1      | 716 ||| DROPPING scroll of immolation.
   779 | D:2      | Found a blossoming altar of Fedhas.
   853 | D:2      | Reached XP level 3. HP: 29/29 MP: 3/3
   991 | D:2      | Reached skill level 4 in Ranged Weapons
  1078 | D:2      | 1078 ||| READING scroll of enchant weapon.
  1078 | D:2      | 1078 ||| ENCHANTING +4 sling.
  1507 | D:2      | 1507 ||| UPGRADING to ring of resist corrosion.
  1508 | D:2      | 1508 ||| READING 2 scrolls labelled BEBBAI LEIDA.
  1509 | D:2      | 1509 ||| READING scroll labelled UNALIU JUAFF.
  1510 | D:2      | 1510 ||| READING 2 scrolls labelled ASUSCH FAEVACS.
  1530 | D:3      | Reached XP level 4. HP: 31/36 MP: 4/4
  1591 | D:3      | Found Muwk's Armour Shoppe.
  1595 | D:3      | Identified the ring "Cedel" {+Blink rPois rN+ Int+4}
  1600 | D:3      | 1600 ||| BUYING +0 cloak (45 gold).
  1600 | D:3      | Bought a +0 cloak for 45 gold pieces
  1674 | D:3      | Noticed Robin
  1685 | D:3      | Killed Robin
  1696 | D:3      | Reached skill level 5 in Ranged Weapons
  2018 | D:3      | Noticed Ijyb
  2028 | D:3      | Killed Ijyb
  2029 | D:3      | Reached skill level 3 in Fighting
  2029 | D:3      | Reached XP level 5. HP: 35/45 MP: 5/5
  2037 | D:3      | 2037 ||| FLEEEEING.
  2110 | D:3      | Found a faded altar of an unknown god.
  2281 | D:3      | Found a glowing silver altar of Zin.
  2282 | D:3      | Found a stormy altar of Qazlal.
  2282 | D:3      | Found a sparkling altar of Nemelex Xobeh.
  2283 | D:3      | Found a shadowy altar of Dithmenos.
  2321 | D:3      | Found a runed translucent door.
  2322 | D:3      | Noticed Crazy Yiuf
  2496 | D:3      | 2496 ||| UPGRADING to +0 cloak.
  2501 | D:3      | 2501 ||| UPGRADING to +0 ring mail.
  2511 | D:3      | 2511 ||| DROPPING +0 leather armour.
  2512 | D:3      | 2512 ||| DROPPING scarf of shadows.
  2513 | D:3      | 2513 ||| UPGRADING to ring "Cedel" {+Blink rPois rN+
                  | Int+4}.
  2514 | D:3      | 2514 ||| UPGRADING to +6 ring of dexterity.
  2516 | D:3      | 2516 ||| READING scroll labelled AGOFFO ZAORGHE.
  2561 | D:4      | 2561 ||| PLANNING OSSUARY
  2574 | D:4      | 2574 ||| STAIRDANCE
  2577 | D:3      | Reached skill level 1 in Armour
  2702 | D:4      | Noticed Grinder
  2725 | D:4      | Killed Grinder
  2726 | D:4      | Reached skill level 6 in Ranged Weapons
  2726 | D:4      | Reached XP level 6. HP: 42/51 MP: 6/6
  2736 | D:4      | 2736 ||| FLEEEEING.
  2799 | D:4      | Found a sand-covered staircase.
  2800 | D:4      | 2800 ||| DRINKING 2 smoky emerald potions.
  2809 | Ossuary  | Entered an ossuary
  2917 | D:4      | 2917 ||| PLANNING D:1-11
  3158 | D:4      | Identified the +1 cloak "Obrom" {rElec Int+4}
  3201 | D:4      | Reached skill level 7 in Ranged Weapons
  3208 | D:4      | HP: 10/52 [gnoll/+0 spear[a gnoll bouda] (5)]
  3209 | D:4      | 3209 ||| READING scroll of teleportation.
  3213 | D:4      | Reached XP level 7. HP: 9/59 MP: 7/7
  3495 | D:4      | Reached skill level 3 in Dodging
  3654 | D:4      | 3654 ||| UPGRADING to +0 pair of boots.
  3659 | D:4      | 3659 ||| UPGRADING to +1 cloak "Obrom" {rElec Int+4}.
  3669 | D:4      | 3669 ||| DROPPING +0 cloak.
  3670 | D:4      | 3670 ||| DRINKING 4 orange potions.
  3671 | D:4      | 3671 ||| READING 2 scrolls of identify.
  3671 | D:4      | 3671 ||| IDENTIFYING dark potion
  3672 | D:4      | 3672 ||| DROPPING potion of lignification.
  3709 | D:5      | Entered Level 5 of the Dungeon
  3710 | D:5      | Noticed Edmund
  3729 | D:5      | Killed Edmund
  3790 | D:5      | 3790 ||| READING scroll of enchant weapon.
  3790 | D:5      | 3790 ||| ENCHANTING +5 sling.
  3838 | D:5      | Found a bloodstained altar of Trog.
  3848 | D:5      | Noticed Prince Ribbit
  3865 | D:5      | Reached skill level 8 in Ranged Weapons
  3869 | D:5      | Killed Prince Ribbit
  3896 | D:5      | Found a basalt altar of Yredelemnul.
  4000 | D:5      | Reached XP level 8. HP: 70/70 MP: 8/8
  4185 | D:5      | 4185 ||| UPGRADING to amulet of guardian spirit.
  4190 | D:5      | 4190 ||| READING scroll labelled OTWULI UWNOU.
  4275 | D:5      | 4275 ||| DRINKING 2 bubbling cyan potions.
  4275 | D:5      | Gained mutation: Your mind is acute. (Int +4, Str/Dex -1)
                  | [potion of mutation]
  4275 | D:5      | Gained mutation: You are partially covered in iridescent
                  | scales. (AC +2) [potion of mutation]
  4298 | D:5      | Reached skill level 9 in Ranged Weapons
  4467 | D:6      | Reached skill level 3 in Armour
  4498 | D:6      | Reached skill level 6 in Fighting
  4503 | D:6      | Found an ornate altar of the Wu Jian Council.
  4974 | D:6      | 4974 ||| DROPPING ring of flight.
  4975 | D:6      | 4975 ||| READING scroll labelled FATOEH BEAPI.
  4976 | D:6      | 4976 ||| READING scroll labelled DIALIENNUUSCH.
  4977 | D:6      | 4977 ||| DRINKING 2 grey potions.
  4978 | D:6      | 4978 ||| DRINKING 3 glowing inky potions.
  4979 | D:6      | 4979 ||| READING 2 scrolls of identify.
  4979 | D:6      | 4979 ||| IDENTIFYING green potion
  4980 | D:6      | 4980 ||| DROPPING potion of brilliance.
  5025 | D:7      | Reached skill level 10 in Ranged Weapons
  5137 | D:7      | 5137 ||| Stepping ~*~*~tactically~*~*~ (outnumbered).
  5161 | D:7      | Reached XP level 9. HP: 78/79 MP: 9/9
  5274 | D:7      | Reached skill level 11 in Ranged Weapons
  5406 | D:7      | Found a staircase to the Ecumenical Temple.
  5407 | D:7      | 5407 ||| PLANNING TEMPLE
  5407 | D:7      | 5407 ||| UPGRADING to +0 steam dragon scales.
  5417 | D:7      | 5417 ||| DROPPING +0 ring mail.
  5418 | D:7      | 5418 ||| DRINKING 2 bubbling dark potions.
  5419 | D:7      | 5419 ||| DROPPING potion of degeneration.
  5425 | Temple   | Entered the Ecumenical Temple
  5486 | Temple   | 5486 ||| PLANNING OKAWARU WORSHIP
  5543 | Temple   | Became a worshipper of Warmaster Okawaru
  5544 | Temple   | 5544 ||| PLANNING D:1-11
  5544 | Temple   | 5544 ||| REMOVING amulet of guardian spirit.
  5549 | Temple   | 5549 ||| DROPPING amulet of guardian spirit.
  5593 | D:7      | Found a glowing golden altar of the Shining One.
  5690 | D:7      | Found a hazy altar of Hepliaklqana.
  5697 | D:7      | Found an ancient bone altar of Kikubaaqudgha.
  5848 | D:7      | 5848 ||| UPGRADING to amulet of faith.
  5907 | D:8      | Noticed Joseph
  5916 | D:8      | 5916 ||| FLEEEEING.
  5917 | D:8      | 5917 ||| FLEEEEING.
  5918 | D:8      | 5918 ||| FLEEEEING.
  5919 | D:8      | 5919 ||| FLEEEEING.
  5920 | D:8      | 5920 ||| FLEEEEING.
  5944 | D:8      | Killed Joseph
  5944 | D:8      | Reached * piety under Okawaru
  5945 | D:8      | Reached skill level 12 in Ranged Weapons
  6101 | D:8      | Found a flagged portal.
  6103 | D:8      | Noticed a cyclops
  6104 | D:8      | 6104 ||| INVOKING Heroism.
  6117 | D:8      | 6117 ||| INVOKING Heroism.
  6120 | D:8      | Killed a cyclops
  6259 | D:8      | Reached skill level 3 in Invocations
  6264 | D:8      | Reached ** piety under Okawaru
  6265 | D:8      | Reached XP level 10. HP: 61/88 MP: 11/11
  6406 | D:8      | 6406 ||| INVOKING Heroism.
  6413 | D:8      | Reached skill level 6 in Dodging
  6429 | D:8      | HP: 21/88 [yak (11)]
  6430 | D:8      | 6430 ||| READING scroll of teleportation.
  6431 | D:8      | 6431 ||| DRINKING 2 potions of heal wounds.
  6435 | D:8      | 6435 ||| INVOKING Heroism.
  6738 | D:8      | 6738 ||| INVOKING Heroism.
  6904 | D:8      | 6904 ||| INVOKING Heroism.
  6931 | D:8      | 6931 ||| READING 3 scrolls of identify.
  6931 | D:8      | 6931 ||| IDENTIFYING pink potion
  6932 | D:8      | 6932 ||| READING 2 scrolls of identify.
  6932 | D:8      | 6932 ||| IDENTIFYING glowing amethyst potion
  6933 | D:8      | 6933 ||| DROPPING potion of ambrosia.
  6934 | D:8      | 6934 ||| DROPPING potion of attraction.
  6956 | D:9      | Noticed Erolcha
  6957 | D:9      | 6957 ||| INVOKING Heroism.
  6969 | D:9      | 6969 ||| Stepping ~*~*~tactically~*~*~ (outnumbered).
  6988 | D:9      | Reached *** piety under Okawaru
  6994 | D:9      | HP: 22/88 [something (4)]
  6995 | D:9      | 6995 ||| DRINKING potion of heal wounds.
  6996 | D:9      | 6996 ||| INVOKING Heroism.
  6996 | D:9      | Mangled by Erolcha

Levels and vault maps discovered:
D:1:      tarquinn_simple_flora_water_e, layout_loops_ring, serial_bayou,
          serial_bayou_ford_a, serial_bayou_pond_e, serial_bayou_shore_a,
          serial_bayou_pond_e, serial_bayou_pond_c
D:2:      layout_basic, basic_altar, minmay_diced_spiral
D:3:      layout_loops_ring, chequers_temple_overflow_statue_of_worship,
          serial_shops, shop, shapermc_ecumenical_altar_hornbeckon,
          bh_walls_and_bars, uniq_crazy_yiuf_cottage, uniq_ijyb, uniq_robin
D:4:      layout_loops_ring, enter_ossuary_3, uniq_grinder
D:5:      layout_basic, kennysheep_mini, trog_butcher_becter,
          hangedman_abyss_or_decor_slice, uniq_edmund, uniq_prince_ribbit1
D:6:      layout_rooms, mainiacjoe_overflow_chevrons
D:7:      layout_basic, tso_altar, mainiacjoe_overflow_large_starburst,
          temple_green
D:8:      layout_basic, enter_bailey_6, uniq_joseph
D:9:      layout_basic, fedhas_bush_and_centaur_altar, hiddenorc1_lemuel,
          uniq_erolcha, uniq_maggie
Temple:   kb_corrupted_temple

Skill      XL: |  1  2  3  4  5  6  7  8  9 10 |
---------------+-------------------------------+-----
Ranged Weapons | 3 4 5 6 7 8 10 12 | 12.8
Fighting       | 2 3 4 5 7 8 |  8.1
Armour         | 1 2 3 4 |  4.5
Dodging        | 3 4 5 7 |  7.0
Invocations    | 3 4 |  4.0
Spellcasting   | |  1.0
Hexes          | |  2.0

Action                     |  1- 3 |  4- 6 |  7- 9 | 10-12 || total
---------------------------+-------+-------+-------+-------++-------
   Fire: Sling             |   128 |   190 |   367 |   116 ||   801
 Invoke: Heroism           |       |       |     2 |     6 ||     8
    Use: Scroll            |    10 |     2 |     6 |     3 ||    21
         Potion            |     1 |     1 |     5 |     2 ||     9
 Armour: Robe              |     4 |       |       |       ||     4
         Leather armour    |    10 |    11 |       |       ||    21
         Ring mail         |       |    18 |    53 |       ||    71
         Steam dragon scal |       |       |    13 |    33 ||    46
  Dodge: Dodged            |    22 |    46 |   114 |   149 ||   331

Table legend:
 A = Non-vault XP
 B = Vault XP
 C = Vault XP percentage of total XP
 D = Non-vault monster count
 E = Vault monster count
 F = Vault count percentage of total count
                 A         B        C        D         E       F
            +---------+---------+-------+---------+---------+-------
      Total |    6998 |    1277 |  15.4 |     169 |      43 |  20.3
            +---------+---------+-------+---------+---------+-------
        D:1 |      32 |       0 |   0.0 |      19 |       0 |   0.0
        D:2 |      51 |       7 |  12.1 |      20 |       5 |  20.0
        D:3 |      92 |      68 |  42.5 |      15 |       9 |  37.5
        D:4 |     249 |     296 |  54.3 |      25 |       2 |   7.4
        D:5 |     587 |     431 |  42.3 |      15 |       6 |  28.6
        D:6 |     379 |       0 |   0.0 |       9 |       0 |   0.0
        D:7 |    1875 |       0 |   0.0 |      30 |       0 |   0.0
        D:8 |    3186 |     455 |  12.5 |      26 |       1 |   3.7
        D:9 |     547 |       0 |   0.0 |      10 |       0 |   0.0
    Ossuary |       0 |      20 | 100.0 |       0 |      20 | 100.0
            +---------+---------+-------+---------+---------+-------
